 Dungeon Crawl Stone Soup version 0.25-a0-496-g8c4878dea3 (webtiles) character file.

Game seed: 7555810691409656020, levelgen mode: deterministic

58 Emblim88 the Skirmisher (level 4, -1/40 HPs)
             Began as a Hill Orc Abyssal Knight on Feb 12, 2020.
             Was a Follower of Lugonu.
             Slain by Jessica (3 damage)
             ... on level 2 of the Dungeon.
             The game lasted 00:01:25 (1119 turns).

Emblim88 the Skirmisher (Hill Orc Abyssal Knight)   Turns: 1119, Time: 00:01:26

Health: -1/40      AC:  3    Str: 15    XL:     4   Next: 2%
Magic:  6/6        EV: 11    Int: 12    God:    Lugonu [*.....]
Gold:   41         SH:  0    Dex: 10    Spells: 3/3 levels left

rFire    . . .     SeeInvis .   a - +1 hand axe
rCold    . . .     Gourm    .   (no shield)
rNeg     . . .     Faith    .   b - +0 leather armour
rPois    .         Spirit   .   (no helmet)
rElec    .         Reflect  .   (no cloak)
rCorr    .         Harm     .   (no gloves)
MR       .....                  (no boots)
Stlth    +.........             (no amulet)
HPRegen  0.13/turn              (no ring)
MPRegen  0.10/turn              (no ring)

@: no status effects
A: no striking features
a: Depart the Abyss, Renounce Religion


You were on level 2 of the Dungeon.
You worshipped Lugonu.
Lugonu was aware of your devotion.
You were hungry.

You visited 1 branch of the dungeon, and saw 2 of its levels.
You visited the Abyss 1 time.

You collected 41 gold pieces.

Inventory:

Hand Weapons
 a - a +1 hand axe (weapon)
Armour
 b - a +0 leather armour (worn)
Jewellery
 e - an uncursed ring of wizardry {unknown}
Scrolls
 f - a scroll of remove curse {unknown}
 g - a scroll of fear {unknown}
Comestibles
 c - a ration


   Skills:
 + Level 4.1 Fighting
 + Level 3.4 Axes
 + Level 2.8 Armour
 + Level 1.4 Dodging
 + Level 3.2 Invocations


You had 3 spell levels left.
You didn't know any spells.
Your spell library was empty.

Dungeon Overview and Level Annotations

Branches:
Dungeon (2/15)

Altars:

Annotations:
D:2 Jessica


Message History

You hit Jessica but do no damage.
Jessica is heavily wounded.
Jessica hits you but does no damage. Jessica hits you.
* * * LOW HITPOINT WARNING * * *
Jessica hits you.
* * * LOW HITPOINT WARNING * * *
You closely miss Jessica.
Jessica is heavily wounded.
Jessica hits you.
* * * LOW HITPOINT WARNING * * *
Jessica hits you but does no damage.
You hit Jessica but do no damage.
Jessica is heavily wounded.
You feel yourself speed up. Jessica barely misses you.
Jessica closely misses you. x2
You aren't carrying any potions.
You hit Jessica.
Jessica is almost dead.
Jessica closely misses you. Jessica hits you.
You die...

######## #.....<#
#.###### #.#
####.####################
...............@@........
.....####################
######


You could see Jessica.

Vanquished Creatures
  A centaur skeleton (D:2)
  An ooze (D:1)
  2 dart slugs (D:1)
  3 bats (D:1)
  A giant cockroach (D:1)
  5 goblins (D:1)
  5 hobgoblins (D:1)
  6 rats (D:1)
24 creatures vanquished.

Notes
Turn   | Place    | Note
-------+----------+-------------------------------------------
     0 | Abyss:1  | Emblim88 the Hill Orc Abyssal Knight began the quest for
                  | the Orb.
     0 | Abyss:1  | Reached XP level 1. HP: 19/19 MP: 2/2
    57 | Abyss:1  | Noticed a chaos spawn
    58 | D:1      | Escaped the Abyss
    68 | D:1      | Reached * piety under Lugonu
   130 | D:1      | Reached skill level 1 in Dodging
   130 | D:1      | Reached XP level 2. HP: 18/27 MP: 4/4
   550 | D:1      | Reached XP level 3. HP: 31/33 MP: 5/5
   608 | D:1      | Reached skill level 4 in Fighting
  1097 | D:2      | Noticed Jessica
  1114 | D:2      | Reached XP level 4. HP: 10/40 MP: 6/6
  1117 | D:2      | HP: 2/40 [Jessica (4)]
  1119 | D:2      | Slain by Jessica

Levels and vault maps discovered:
D:1:      matt_arrival_grand_opening, layout_basic
D:2:      layout_basic, chequers_ecumenical_altar_grove, minmay_pentomino_x2,
          uniq_natasha, uniq_jessica

Skill      XL: |  1  2  3 |
---------------+----------+-----
Dodging        | 1 |  1.4
Axes           | 3 |  3.4
Fighting       | 4 |  4.1
Invocations    | 3 |  3.2
Armour         | |  2.8

Action                   |  1- 3 |  4- 6 || total
-------------------------+-------+-------++-------
Melee: Hand axe          |    87 |     4 ||    91
Invok: Depart the Abyss  |     1 |       ||     1
Armor: Leather armour    |    24 |     2 ||    26
Dodge: Dodged            |    55 |     4 ||    59

Table legend:
 A = Non-vault XP
 B = Vault XP
 C = Vault XP percentage of total XP
 D = Non-vault monster count
 E = Vault monster count
 F = Vault count percentage of total count
                 A         B        C        D         E       F
            +---------+---------+-------+---------+---------+-------
      Total |      84 |       0 |   0.0 |      24 |       0 |   0.0
            +---------+---------+-------+---------+---------+-------
        D:1 |      48 |       0 |   0.0 |      23 |       0 |   0.0
        D:2 |      36 |       0 |   0.0 |       1 |       0 |   0.0
            +---------+---------+-------+---------+---------+-------
